AoeStats
← Cailloux

Nomad

510775387Analyzed
2v2 RM · 1d ago on Oct 2, 2026· 40m 2s· 4 players
Game mode
Random Map
Map size
176×176
Population
200
Speed
Normal
Resources
Standard
Victory
Conquest
Starting age
Dark Age
Ending age
Imperial Age
RankedLock teamsTeams togetherTeam positionsShared explorationLock speedFull tech treeHidden civsTurbo modeCheats
Victory
Defeat
🇺🇸 Vikings · United States
884
+15
🇺🇸 Huns · United States
878
+16
🇫🇷 Gurjaras · France
890
-16
🇫🇷 Burgundians · France
852
-15
Le_Web
8:57 Fishing Lines
11:51 Wheelbarrow
13:09 Double-Bit Axe
16:07 Feudal Age
16:39 Gillnets
17:02 Bow Saw
17:45 Hand Cart
21:28 Gold Mining
24:37 Castle Age
22:58 Man-at-Arms
23:48 Stone Mining
24:35 Gold Shaft Mining
25:15 Pikeman
25:43 Arson
26:01 Squires
26:33 Scale Mail Armor
26:44 Forging
29:25 Man-at-Arms
30:43 Loom
32:07 Long Swordsman
Cailloux
15:44 Feudal Age
16:24 Double-Bit Axe
16:24 Horse Collar
16:38 Gold Mining
23:37 Wheelbarrow
25:23 Bloodlines
27:44 Stone Mining
36:16 Castle Age
38:51 Castle Age
keager241
3:32 Loom
15:14 Feudal Age
15:49 Horse Collar
15:56 Double-Bit Axe
16:18 Fishing Lines
22:30 Castle Age
25:15 Forging
25:06 Scale Mail Armor
25:20 Heavy Plow
25:18 Gillnets
31:14 Bow Saw
36:00 Iron Casting
35:40 Chain Mail Armor
39:32 Imperial Age
40:01 Medium Warships
40:05 Clinker Construction
40:05 Careening
41:19 Chemistry
FlorgeJoyd
14:14 Feudal Age
12:33 Loom
14:55 Double-Bit Axe
16:37 Bloodlines
16:20 Horse Collar
17:06 Forging
22:12 Castle Age
21:09 Scale Barding Armor
23:05 Wheelbarrow
23:08 Husbandry
26:40 Iron Casting
28:05 Hand Cart
30:36 Chain Barding Armor
Connection lost

Rejoining the realm…

Still unreachable

The connection could not be restored.

Session expired

The server has moved on; the page needs a fresh start.